 Dungeon Crawl Stone Soup version 0.26-a0-519-gb2f46ef (webtiles) character file.

Game seed: 14564746734696312982

8370 MrTaco21 the Basher (level 11, -25/68 HPs)
             Began as a Gargoyle Fighter on Aug 11, 2020.
             Was a Believer of Qazlal.
             Killed by refrigeration
             ... invoked by Fannar
              (29 damage)
             ... on level 10 of the Dungeon.
             The game lasted 00:16:24 (10724 turns).

MrTaco21 the Basher (Gargoyle Fighter)             Turns: 10724, Time: 00:16:24

Health: -25/68     AC: 23    Str: 30    XL:     11   Next: 29%
Magic:  0/11       EV:  7    Int:  8    God:    Qazlal [**....]
Gold:   235        SH: 15    Dex:  9    Spells: 10/10 levels left

rFire    . . .     SeeInvis .   b - +2 flail (holy)
rCold    . . .     Faith    .   c - +0 kite shield
rNeg     + . .     Spirit   +   A - +0 chain mail
rPois    ∞         Reflect  .   D - +0 helmet
rElec    +         Harm     .   a - +0 cloak
rCorr    .                      l - +0 pair of gloves
MR       .....                  y - +2 pair of boots {run}
Stlth    ..........             k - amulet of guardian spirit
HPRegen  0.21/turn              G - +6 ring of strength
MPRegen  0.12/turn              H - ring of attention (curse)

@: quick
A: negative energy resistance 1, electricity resistance, unbreathing,
petrification resistance, rot immunity, AC +8
a: Upheaval, Renounce Religion


You were on level 10 of the Dungeon.
You worshipped Qazlal.
Qazlal was pleased with you.
You visited 2 branches of the dungeon, and saw 11 of its levels.

You collected 445 gold pieces.
You spent 210 gold pieces at shops.

Inventory:

Hand Weapons
 b - a +2 flail of holy wrath (weapon)
   (You took it off an orc on level 4 of the Dungeon)
Missiles
 F - 13 poisoned darts (quivered)
Armour
 a - a +0 cloak (worn)
   (You found it on level 5 of the Dungeon)
 c - a +0 kite shield (worn)
 l - a +0 pair of gloves (worn)
   (You found it on level 2 of the Dungeon)
 y - a +2 pair of boots of running (worn)
   (You bought it in a shop on level 5 of the Dungeon)
 A - a +0 chain mail (worn)
   (You took it off an orc on level 5 of the Dungeon)
 D - a +0 helmet (worn)
   (You found it on level 7 of the Dungeon)
Jewellery
 e - an uncursed amulet of regeneration
   (You took it off a wight on level 9 of the Dungeon)
 k - an amulet of guardian spirit (around neck)
   (You found it on level 2 of the Dungeon)
 G - a +6 ring of strength (left hand)
   (You found it on level 8 of the Dungeon)
 H - a cursed ring of attention (right hand)
   (You found it on level 9 of the Dungeon)
Wands
 d - a wand of iceblast (9)
   (You found it on level 7 of the Dungeon)
 t - a wand of flame (11)
   (You found it on level 10 of the Dungeon)
 v - a wand of digging (6)
   (You found it on level 6 of the Dungeon)
 x - a wand of acid (7)
   (You took it off an orc priest on level 4 of the Dungeon)
Scrolls
 f - 8 scrolls of identify {@r1}
 g - 4 scrolls of enchant armour
 h - 5 scrolls of remove curse {@r2}
 j - a scroll of enchant weapon
 m - 5 scrolls of amnesia
 p - 2 scrolls of immolation {unknown}
 q - a scroll of fog {unknown}
 r - 3 scrolls of blinking {unknown}
 w - a scroll of random uselessness {unknown}
 B - a scroll of magic mapping {unknown}
 I - 6 scrolls of teleportation {@r4}
 J - a scroll of summoning
Potions
 i - 7 potions of curing {unknown}
 n - a potion of cancellation {unknown}
 o - 2 potions of lignification {unknown}
 s - 3 potions of degeneration {unknown}
 u - 4 potions of flight {unknown}
 z - 2 potions of mutation {unknown}
 C - a potion of invisibility {unknown}
 E - a potion of might
 K - a potion of haste {unknown}
 L - a potion of stabbing {unknown}


   Skills:
 + Level 8.1 Fighting
 - Level 14.0 Maces & Flails
 - Level 3.2 Armour
 + Level 8.1 Shields


You had 10 spell levels left.
You didn't know any spells.
Your spell library contained the following spells:

 Spells                   Type           Power        Failure   Level
 Ensorcelled Hibernation  Hex/Ice        #.....       100%        2
 Borgnjor's Vile Clutch   Necr/Erth      #.........   100%        5
 Silence                  Hex/Air        #.........   100%        5
 Shadow Creatures         Summ           N/A          100%        6


Dungeon Overview and Level Annotations

Branches:
Dungeon (10/15)            Temple (1/1) D:7
   Lair: D:8-11         Orc: D:9-12

Altars:
Ashenzari
Cheibriados
Dithmenos
Elyvilon
Fedhas
Gozag
Hepliaklqana
Kikubaaqudgha
Makhleb
Nemelex Xobeh
Okawaru
Qazlal
Ru
Sif Muna
Trog
Uskayaw
Vehumet
Wu Jian
Xom
Yredelemnul
Zin
The Shining One

Shops:
D:5 [

Annotations:
D:8 1 runed translucent door, Dorkslayer's ghost, novice TrMo
D:10 Fannar


Innate Abilities, Weirdness & Mutations

You are resistant to torment.
Your stone body is resilient. (AC +8)
You are immune to poison.
You resist negative energy. (rN+)
You are resistant to electric shocks. (rElec)
You can survive without breathing.
You are immune to petrification.
You are immune to rotting.


Message History

You hit the ice beast. You sock the ice beast! You closely miss the ice beast.
The ice beast hits you but does no damage.
You hit the ice beast.
The ice beast hits you but does no damage.
You sock the ice beast! You block the ice beast's attack.
You thump the ice beast!
You kill the ice beast!
You hit Fannar but do no damage. Fannar barely misses you.
You barely miss Fannar. You sock Fannar!
Fannar hits you with a +0 quarterstaff of freezing.
Fannar freezes you.
You hit Fannar but do no damage.
Fannar hits you with a +0 quarterstaff of freezing.
Fannar freezes you.
You hit Fannar. You hit Fannar.
Fannar mumbles some strange words.
Fannar drains the heat from the surrounding environment!
You feel very cold.
Fannar is frozen.
Fannar resists.
You barely miss Fannar.
Fannar casts a spell.
Fannar drains the heat from the surrounding environment!
You feel very cold.
* * * LOW HITPOINT WARNING * * *
Fannar is frozen.
Fannar resists.
You are too injured to fight recklessly!
You are too injured to fight recklessly!
You are too injured to fight recklessly!
You are too injured to fight recklessly!
You are too injured to fight recklessly!
You are too injured to fight recklessly!
You are too injured to fight recklessly!
You are too injured to fight recklessly!
Unknown command.
Fannar gestures wildly while chanting.
Fannar drains the heat from the surrounding environment!
You feel very cold.
* * * LOW HITPOINT WARNING * * *
Fannar is frozen.
Fannar resists.
You see here a +0 dagger.
You see here a jackal corpse.
Fannar mumbles some strange words.
Fannar casts a spell.
Fannar mumbles some strange words.
Fannar drains the heat from the surrounding environment!
You feel very cold.
You die...

#...........#......#
#....###.#..#......#
#O.>.....#..#......#
#....########.#..K.# #....+
...#....# #....##########.#..#
#......[.). ...#..#
###†...############..#
.††.........#...@.#..#
###....####.#.###.#..############
#....# #.#...#.#..............
#....# #.#<#.#.#(############.
###### #.#.#.#.#)#.......# #.
#.#...#.#Y#.#####.# #.
#.#.#.#e#e#.# #.####.
##.#####Y#.#.# #......
#......YY#.#.# #######


You could see Fannar (icy armour) and an ice beast (summoned).

Vanquished Creatures
  Erolcha (D:9)
  A hydra (D:8)
  A troll (D:9)
  2 dream sheep (D:8)
  10 yaks
  A wyvern (D:9)
  4 orc warriors
  2 black bears
  A sky beast (D:6)
  5 necrophages
  2 ice beasts
  5 ogres
  A centaur (D:5)
  A crocodile (D:8)
  4 big kobolds
  A gnoll sergeant (D:5)
  3 bullfrogs (D:8)
  7 killer bees
  4 scorpions
  11 wights
  A howler monkey (D:7)
  3 hounds
  3 jellies
  3 orc priests
  A bullfrog skeleton (D:8)
  3 human zombies (D:8)
  A centaur skeleton (D:5)
  4 iguanas
  2 human skeletons (D:8)
  11 orc wizards
  6 worker ants
  An ogre zombie (D:8)
  A mummy (D:8)
  A hound zombie (D:6)
  2 hound skeletons
  A worker ant zombie (D:8)
  5 gnolls
  5 adders
  A shadow imp (D:8)
  A white imp (D:9)
  2 ufetubi
  An ooze (D:3)
  An adder zombie (D:8)
  An adder skeleton (D:7)
  3 worms
  3 dart slugs
  2 leopard geckos
  55 orcs
  4 bat zombies (D:3)
  2 giant cockroaches
  4 hobgoblins
  21 jackals
  A quokka (D:6)
  5 bats
  4 frilled lizards
  2 goblins
  2 jackal zombies
  11 kobolds
  A leopard gecko zombie (D:6)
  A quokka zombie (D:9)
  6 rats
  2 rat zombies (D:3)
257 creatures vanquished.

Vanquished Creatures (others)
  An orc wizard (D:6)
1 creature vanquished.

Grand Total: 258 creatures vanquished

Notes
Turn   | Place    | Note
-------+----------+-------------------------------------------
     0 | D:1      | MrTaco21 the Gargoyle Fighter began the quest for the Orb.
     0 | D:1      | Reached XP level 1. HP: 14/14 MP: 1/1
   207 | D:1      | Reached XP level 2. HP: 19/19 MP: 2/2
   631 | D:1      | Reached skill level 3 in Maces & Flails
  1049 | D:2      | Found a sacrificial altar of Ru.
  1074 | D:2      | Reached XP level 3. HP: 6/23 MP: 3/3
  1518 | D:2      | You fall into a shaft and drop 1 floor!
  1603 | D:3      | Found a burning altar of Makhleb.
  1749 | D:3      | Found a bloodstained altar of Trog.
  1777 | D:3      | Found a hide-covered altar of Uskayaw.
  1777 | D:3      | Noticed a +0 dagger
  1778 | D:3      | Noticed a +0 hand axe
  1786 | D:3      | Reached skill level 4 in Maces & Flails
  1876 | D:3      | Reached XP level 4. HP: 28/28 MP: 4/4
  2398 | D:3      | Found an ancient bone altar of Kikubaaqudgha.
  2542 | D:4      | Reached skill level 5 in Maces & Flails
  2542 | D:4      | Reached XP level 5. HP: 24/32 MP: 5/5
  2732 | D:4      | Found an iron altar of Okawaru.
  2776 | D:4      | Found an opulent altar of Gozag.
  2929 | D:3      | Reached skill level 6 in Maces & Flails
  2929 | D:3      | Reached XP level 6. HP: 12/37 MP: 1/6
  3464 | D:5      | Entered Level 5 of the Dungeon
  3560 | D:5      | Noticed an ice beast
  4117 | D:5      | Reached skill level 7 in Maces & Flails
  4127 | D:5      | Reached XP level 7. HP: 23/41 MP: 4/7
  4372 | D:5      | Reached skill level 8 in Maces & Flails
  4716 | D:5      | Found a snail-covered altar of Cheibriados.
  4814 | D:5      | Found Tekhlixt's Antique Armour Boutique.
  4821 | D:5      | Bought a pair of embroidered boots for 210 gold pieces
  4826 | D:5      | Identified a +1 pair of boots of running (You bought it in
                  | a shop on level 5 of the Dungeon)
  5134 | D:6      | Reached skill level 9 in Maces & Flails
  5134 | D:6      | Reached XP level 8. HP: 46/46 MP: 8/8
  5872 | D:6      | Reached skill level 10 in Maces & Flails
  6795 | D:7      | Reached skill level 11 in Maces & Flails
  6803 | D:7      | Reached XP level 9. HP: 45/51 MP: 7/9
  6920 | D:7      | Found a staircase to the Ecumenical Temple.
  7450 | Temple   | Entered the Ecumenical Temple
  7464 | Temple   | Became a worshipper of Qazlal Stormbringer
  7674 | D:8      | Reached skill level 12 in Maces & Flails
  7913 | D:8      | Found a runed translucent door.
  7913 | D:8      | Noticed Dorkslayer's ghost (novice TrMo)
  8099 | D:8      | Reached skill level 13 in Maces & Flails
  8182 | D:8      | Noticed a three-headed hydra
  8204 | D:8      | Killed a three-headed hydra
  8204 | D:8      | Reached XP level 10. HP: 46/56 MP: 7/10
  8305 | D:8      | Found a glowing silver altar of Zin.
  8330 | D:8      | Reached * piety under Qazlal
  8502 | D:8      | Reached skill level 14 in Maces & Flails
  8754 | D:8      | Found a basalt altar of Yredelemnul.
  8856 | D:8      | Found a shadowy altar of Dithmenos.
  8951 | D:8      | HP: 2/58 [yak (8)]
  9255 | D:8      | Reached skill level 5 in Fighting
  9255 | D:8      | Reached skill level 5 in Shields
  9393 | D:9      | Found a blossoming altar of Fedhas.
  9447 | D:9      | Noticed Erolcha
  9467 | D:9      | Paralysed by Erolcha for 2 turns
  9470 | D:9      | Killed Erolcha
  9665 | D:9      | Reached XP level 11. HP: 66/66 MP: 11/11
  9666 | D:9      | Reached ** piety under Qazlal
 10262 | D:10     | Entered Level 10 of the Dungeon
 10445 | D:10     | Noticed a two-headed ogre
 10657 | D:10     | Noticed Fannar
 10711 | D:10     | HP: 1/68 [Fannar/refrigeration (23)]
 10724 | D:10     | Killed from afar by Fannar

Illustrated notes

Levels and vault maps discovered:
D:1:      roderic_chinese_lattice_arrival, layout_loops_corners,
          chequers_serial_rivers_large_a
D:2:      layout_loops_ring, nicolae_overflow_crystal_walls,
          minmay_misc_feat_cross
D:3:      layout_loops_cross, bloody_trog, overflow_temple_1_default,
          lemuel_zombie_altar_kikubaaqudgha, dancing_weapons_uskayaw,
          minmay_door_square
D:4:      layout_rooms, okawaru_trees_2, grunt_gozag_statues
D:5:      minmay_evil_eye, layout_cave_pools, cheibrodos_worm_habitat,
          serial_shops, nicolae_shop_crystal, serial_bayou,
          serial_bayou_crossing, serial_bayou_pond_e, serial_bayou_lake_a,
          serial_bayou_ford_a, kennysheep_generic_room_6
D:6:      layout_loops_corners, minmay_puff
D:7:      layout_basic, minmay_temple_entry_arrows
D:8:      layout_rooms, kennysheep_little_box, kennysheep_mini,
          lemuel_mausoleum_altar_yredelemnul, gammafunk_ghost_grave,
          hangedman_ranch [blue_anna_fruit_fields]
D:9:      layout_gridville, basic_altar, uniq_erolcha
D:10:     layout_basic, uniq_fannar
Temple:   minmay_freezing_vapour_temple

Skill      XL: |  1  2  3  4  5  6  7  8  9 10 11 |
---------------+----------------------------------+-----
Maces & Flails | 3 4 5 6 7 9 11 13 14 | 14.0
Fighting       | 6 8 |  8.1
Shields        | 6 8 |  8.1
Armour         | |  3.2

Action                   |  1- 3 |  4- 6 |  7- 9 | 10-12 || total
-------------------------+-------+-------+-------+-------++-------
Melee: Flail             |   170 |   211 |   453 |   362 ||  1196
  Use: Scroll            |       |       |     5 |       ||     5
Armor: Scale mail        |   102 |   132 |    25 |       ||   259
       Chain mail        |       |       |   248 |   129 ||   377
Dodge: Dodged            |    56 |    90 |    79 |    51 ||   276
Block: Kite shield       |    96 |   130 |   185 |   186 ||   597

Table legend: (Time is in decaauts)
 A = Elapsed time spent in this place.
 B = Non-inter-level travel time spent in this place.
 C = Inter-level travel time spent in this place.
 D = Time resting spent in this place.
 E = Time spent auto-exploring this place.
 F = Levels seen in this place.
 G = Mean time per level.
                   A        B        C        D        E       F      G
               +--------+--------+--------+--------+--------+-----+--------+
         Total |  10471 |  10083 |    388 |   2394 |   5427 |  11 |  951.9 |
       Dungeon |  10453 |  10068 |    385 |   2394 |   5418 |  10 | 1045.3 |
        Temple |     18 |     15 |      3 |      0 |      9 |   1 |   18.0 |
               +--------+--------+--------+--------+--------+-----+--------+

Top non-repeatable levels by time:
     D:6: 1609 daAuts
     D:7: 1254 daAuts
     D:3: 1253 daAuts
     D:4: 1246 daAuts
     D:8: 1222 daAuts
     D:5: 1141 daAuts
     D:1: 994 daAuts
     D:9: 785 daAuts
     D:2: 568 daAuts
    D:10: 377 daAuts
  Temple: 18 daAuts
